Orlando Solar Bears vs Kelowna Rockets
Created - Thursday, March 21, 2024 at 08:09
Goals
|
| Orlando Solar Bears |
3 |
1 |
3 |
7 |
| Kelowna Rockets |
1 |
3 |
1 |
5 |
|
Shots
|
| Orlando Solar Bears |
10 |
11 |
12 |
33 |
| Kelowna Rockets |
5 |
14 |
5 |
24 |
|
1st period
1. Orlando Solar Bears , Alex Turcotte 5 (Adam Beckman 4, TJ Brodie 11) at 17:23
2. Kelowna Rockets , Matias Maccelli 23 (Riley Nash 37) at 18:08
3. Orlando Solar Bears , Tomas Tatar 25 (Alexander Kerfoot 21, Jarred Tinordi 10) at 18:24
4. Orlando Solar Bears , Tomas Tatar 26 (Victor Soderstrom 8, Adam Beckman 5) at 19:54
Penalties :
Justin Danforth (OSB) for Slashing (Minor) at 1:06, Jacob Perreault (KEL) for Hooking (Minor) at 13:37, Maxence Guenette (KEL) for Fighting (Major) at 17:26, TJ Brodie (OSB) for Fighting (Major) at 17:26
2nd period
5. Kelowna Rockets , Jack Drury 16 (Eemil Viro 9) at 0:45
6. Kelowna Rockets , Jacob Perreault 5 (Bobby McMann 15, Jack Drury 30) at 1:32 (PP)
7. Kelowna Rockets , Jacob Perreault 6 (Bobby McMann 16, Jack Drury 31) at 6:09
8. Orlando Solar Bears , Jarred Tinordi 5 (Adam Beckman 6, Adam Ruzicka 23) at 10:29
Penalties :
Jordan Martinook (OSB) for Roughing (Minor) at 1:28, Jarred Tinordi (OSB) for Hooking (Minor) at 7:43, Jordan Martinook (OSB) for Hooking (Minor) at 14:34
3rd period
9. Kelowna Rockets , Jacob Perreault 7 (Anttoni Honka 13, Unknown Goalie) at 4:51 (PP)
10. Orlando Solar Bears , Jason Dickinson 11 (Tomas Tatar 25, Jarred Tinordi 11) at 5:05
11. Orlando Solar Bears , Alexander Kerfoot 14 (Isaak Phillips 13, Tomas Tatar 26) at 12:23
12. Orlando Solar Bears , Alexander Kerfoot 15 (Jason Dickinson 30, TJ Brodie 12) at 13:19
Penalties :
Jordan Martinook (OSB) for Slashing (Minor) at 3:00, Joel Kiviranta (KEL) for Slashing (Minor) at 7:02, Nicholas Caamano (KEL) for Hooking (Minor) at 9:11, Nicholas Caamano (KEL) for Fighting (Major) at 13:05, Isaak Phillips (OSB) for Fighting (Major) at 13:05, Riley Nash (KEL) for Hooking (Minor) at 16:35
Goalie Stats
Braden Holtby (OSB), 19 saves from 24 shots - (0.792), W, 14-4-0, 60:00 minutes
Unknown Goalie (KEL), 26 saves from 33 shots - (0.788), L, 0-1-0, 60:00 minutes
Players Stats for Orlando Solar Bears
Player Name G A P +/- PIM S H SB GA TA FO MP PP MP PK MP
------------------------------------------------------------------------------------
Adam Beckman 0 3 3 3 0 2 0 0 0 0 0/0 10:10 0:00 2:23
Adam Ruzicka 0 1 1 -1 0 3 2 0 1 0 0/0 13:28 0:20 0:20
Alex Turcotte 1 0 1 2 0 3 1 0 0 0 1/1 5:56 0:00 0:00
Alexander Kerfoot 2 1 3 4 0 3 2 1 0 0 0/1 19:24 3:39 3:15
Elliot Desnoyers 0 0 0 -1 0 1 0 0 0 0 6/8 16:41 4:04 0:00
Isaak Phillips 0 1 1 1 5 0 2 1 0 0 0/0 20:22 3:03 3:56
Jarred Tinordi 1 2 3 4 2 2 0 3 1 2 0/0 24:23 4:10 2:45
Jason Dickinson 1 1 2 4 0 5 2 0 1 0 16/26 20:12 3:40 3:59
Jordan Martinook 0 0 0 -1 6 0 3 0 1 0 0/1 18:48 4:00 1:50
Justin Danforth 0 0 0 -2 2 1 3 1 0 0 0/0 11:37 0:03 0:00
Justin Sourdif 0 0 0 1 0 0 0 0 0 0 0/0 3:49 0:22 0:24
Lukas Cormier 0 0 0 0 0 1 1 1 0 0 0/0 14:38 0:00 1:15
Philip Tomasino 0 0 0 -1 0 0 1 0 0 0 0/0 16:47 4:00 0:00
Thomas Bordeleau 0 0 0 -2 0 2 6 1 0 0 0/3 10:59 0:00 0:00
TJ Brodie 0 2 2 2 5 2 0 0 0 0 0/0 22:13 4:10 3:52
Tomas Tatar 2 2 4 5 0 5 4 0 1 0 3/5 23:26 3:40 3:33
Travis Dermott 0 0 0 0 0 1 2 4 0 0 0/0 21:42 3:46 3:54
Victor Soderstrom 0 1 1 2 0 2 1 0 0 1 0/0 17:26 0:43 0:02
Players Stats for Kelowna Rockets
Player Name G A P +/- PIM S H SB GA TA FO MP PP MP PK MP
------------------------------------------------------------------------------------
Anttoni Honka 0 1 1 -4 0 1 1 1 0 0 0/0 26:20 4:06 3:50
Bobby McMann 0 2 2 0 0 2 1 1 1 1 0/0 21:03 3:59 3:22
Connor Zary 0 0 0 -1 0 1 2 0 0 0 1/2 12:09 0:00 0:00
Eemil Viro 0 1 1 -2 0 0 1 0 1 0 0/0 14:21 0:04 0:00
Henri Nikkanen 0 0 0 0 0 0 0 0 0 0 0/0 1:44 0:03 0:00
Jack Drury 1 2 3 0 0 2 3 0 0 0 3/9 17:29 3:59 0:00
Jacob Perreault 3 0 3 0 2 6 2 0 0 1 1/1 17:36 3:59 0:00
Jasper Weatherby 0 0 0 0 0 0 0 0 0 0 0/0 4:21 0:05 1:00
Joel Kiviranta 0 0 0 -2 2 3 2 0 0 0 1/4 18:20 3:48 2:42
Kim Nousiainen 0 0 0 -2 0 0 0 0 0 0 0/0 12:38 0:00 0:00
Lucas Johansen 0 0 0 1 0 0 0 1 0 1 0/0 21:43 3:46 4:06
Matias Maccelli 1 0 1 -3 0 3 1 1 0 0 0/1 23:28 3:50 3:38
Mavrik Bourque 0 0 0 -1 0 0 0 0 0 1 0/1 5:21 0:00 0:00
Maxence Guenette 0 0 0 -2 5 2 1 1 1 1 0/0 23:17 4:02 3:50
Nicholas Caamano 0 0 0 -1 7 1 0 1 0 0 0/0 12:04 0:03 0:02
Oskari Laaksonen 0 0 0 1 0 1 1 1 0 0 0/0 21:40 3:46 4:06
Riley Nash 0 1 1 -3 2 0 2 1 0 0 13/25 23:24 3:50 2:58
Roby Jarventie 0 0 0 -1 0 2 1 0 0 0 0/2 15:02 0:00 2:12
3 Stars
1 - Tomas Tatar (OSB)
2 - Alexander Kerfoot (OSB)
3 - Jarred Tinordi (OSB)
Power Play
Orlando Solar Bears - 0 on 4 Attempt(s) - 0.00%
Kelowna Rockets - 2 on 5 Attempt(s) - 40.00%
Penalty Kill
Orlando Solar Bears - 3 on 5 Attempt(s) - 60.00%
- Score 0 goal in Penalty Kill
Kelowna Rockets - 4 on 4 Attempt(s) - 100.00%
- Score 0 goal in Penalty Kill
Team Stat
Orlando Solar Bears - Hits : 30 - Faceoff Wins : 26 - Blocked Shots : 12 - Penalty Minutes : 20
Kelowna Rockets - Hits : 18 - Faceoff Wins : 19 - Blocked Shots : 8 - Penalty Minutes : 18
Official
Referees : TJ Luxmore and Francois StLaurent
Linesman : Kiel Murchison and Ryan Gibbons
Game Notes
Maxence Guenette and TJ Brodie fight to a draw at 17:26 of 1st period
12:07 of 2nd period - Orlando Solar Bears goal is going for a video replay. After video review, No Goal. The goalkeeper has been pushed into the net together with the puck after making a save.
Jacob Perreault has scored a Hat Trick!
Nicholas Caamano and Isaak Phillips fight to a draw at 13:05 of 3rd period
Orlando Solar Bears
5 vs 5 Forward
Center Left Wing Right Wing Time % Phy DF OF
1 Jason Dickinson Tomas Tatar Alexander Kerfoot 30 1 2 2
2 Elliot Desnoyers Jordan Martinook Philip Tomasino 30 1 2 2
3 Thomas Bordeleau Adam Ruzicka Justin Danforth 25 1 2 2
4 Alex Turcotte Adam Beckman Tomas Tatar 15 1 2 2
5 vs 5 Defense
Defense Defense Time % Phy DF OF
1 TJ Brodie Jarred Tinordi 30 1 2 2
2 Isaak Phillips Travis Dermott 30 1 2 2
3 Victor Soderstrom Lukas Cormier 25 1 2 2
4 TJ Brodie Jarred Tinordi 15 1 2 2
PowerPlay Forward
Center Left Wing Right Wing Time % Phy DF OF
1 Jason Dickinson Tomas Tatar Alexander Kerfoot 50 1 2 2
2 Elliot Desnoyers Jordan Martinook Philip Tomasino 50 1 2 2
PowerPlay Defense
Defense Defense Time % Phy DF OF
1 TJ Brodie Jarred Tinordi 50 1 2 2
2 Isaak Phillips Travis Dermott 50 1 2 2
Penalty Kill 4 Players Forward
Center Wing Time % Phy DF OF
1 Tomas Tatar Alexander Kerfoot 50 1 2 2
2 Jason Dickinson Jordan Martinook 50 1 2 2
Penalty Kill 4 Players Defense
Defense Defense Time % Phy DF OF
1 TJ Brodie Jarred Tinordi 50 1 2 2
2 Isaak Phillips Travis Dermott 50 1 2 2
Penalty Kill - 3 Players Forward
Forward Time % Phy DF OF
1 Tomas Tatar 50 1 2 2
2 Alexander Kerfoot 50 1 2 2
Penalty Kill - 3 Players Defense
Defense Defense Time % Phy DF OF
1 TJ Brodie Jarred Tinordi 50 1 2 2
2 Isaak Phillips Travis Dermott 50 1 2 2
4 vs 4 Forward
Center Wing Time % Phy DF OF
1 Tomas Tatar Alexander Kerfoot 50 1 2 2
2 Jason Dickinson Jordan Martinook 50 1 2 2
4 vs 4 Defense
Defense Defense Time % Phy DF OF
1 TJ Brodie Jarred Tinordi 50 1 2 2
2 Isaak Phillips Travis Dermott 50 1 2 2
Last Minutes Offensive
Center Left Wing Right Wing Defense Defense
Jason Dickinson Tomas Tatar Alexander Kerfoot TJ Brodie Jarred Tinordi
Last Minutes Defensive
Center Left Wing Right Wing Defense Defense
Jason Dickinson Tomas Tatar Alexander Kerfoot TJ Brodie Jarred Tinordi
Goaltenders
Starting : Braden Holtby
Backup : Keith Petruzzelli
Extra Forwards
Normal : Justin Sourdif, Adam Ruzicka, Adam Beckman - PP : Justin Sourdif, Adam Ruzicka - PK : Adam Beckman
Extra Defensemen
Normal : Victor Soderstrom, Lukas Cormier, Isaak Phillips - PP : Victor Soderstrom - PK : Lukas Cormier, Isaak Phillips
Penalty Shots
Tomas Tatar, Alexander Kerfoot, Jason Dickinson, Jordan Martinook, Philip Tomasino
Kelowna Rockets
5 vs 5 Forward
Center Left Wing Right Wing Time % Phy DF OF
1 Riley Nash Matias Maccelli Joel Kiviranta 30 1 2 2
2 Jack Drury Bobby McMann Jacob Perreault 30 1 2 2
3 Connor Zary Roby Jarventie Nicholas Caamano 25 1 2 2
4 Mavrik Bourque Riley Nash Matias Maccelli 15 1 2 2
5 vs 5 Defense
Defense Defense Time % Phy DF OF
1 Maxence Guenette Anttoni Honka 30 1 2 2
2 Lucas Johansen Oskari Laaksonen 30 1 2 2
3 Eemil Viro Kim Nousiainen 25 1 2 2
4 Maxence Guenette Anttoni Honka 15 1 2 2
PowerPlay Forward
Center Left Wing Right Wing Time % Phy DF OF
1 Riley Nash Matias Maccelli Joel Kiviranta 50 1 2 2
2 Jack Drury Bobby McMann Jacob Perreault 50 1 2 2
PowerPlay Defense
Defense Defense Time % Phy DF OF
1 Maxence Guenette Anttoni Honka 50 1 2 2
2 Lucas Johansen Oskari Laaksonen 50 1 2 2
Penalty Kill 4 Players Forward
Center Wing Time % Phy DF OF
1 Riley Nash Matias Maccelli 50 1 2 2
2 Joel Kiviranta Bobby McMann 50 1 2 2
Penalty Kill 4 Players Defense
Defense Defense Time % Phy DF OF
1 Maxence Guenette Anttoni Honka 50 1 2 2
2 Lucas Johansen Oskari Laaksonen 50 1 2 2
Penalty Kill - 3 Players Forward
Forward Time % Phy DF OF
1 Riley Nash 50 1 2 2
2 Matias Maccelli 50 1 2 2
Penalty Kill - 3 Players Defense
Defense Defense Time % Phy DF OF
1 Maxence Guenette Anttoni Honka 50 1 2 2
2 Lucas Johansen Oskari Laaksonen 50 1 2 2
4 vs 4 Forward
Center Wing Time % Phy DF OF
1 Riley Nash Matias Maccelli 50 1 2 2
2 Joel Kiviranta Bobby McMann 50 1 2 2
4 vs 4 Defense
Defense Defense Time % Phy DF OF
1 Maxence Guenette Anttoni Honka 50 1 2 2
2 Lucas Johansen Oskari Laaksonen 50 1 2 2
Last Minutes Offensive
Center Left Wing Right Wing Defense Defense
Riley Nash Matias Maccelli Joel Kiviranta Maxence Guenette Anttoni Honka
Last Minutes Defensive
Center Left Wing Right Wing Defense Defense
Riley Nash Matias Maccelli Joel Kiviranta Maxence Guenette Anttoni Honka
Goaltenders
Starting : Unknown Goalie
Backup : Unknown Goalie
Extra Forwards
Normal : Jasper Weatherby, Henri Nikkanen, Roby Jarventie - PP : Jasper Weatherby, Henri Nikkanen - PK : Roby Jarventie
Extra Defensemen
Normal : Eemil Viro, Kim Nousiainen, Lucas Johansen - PP : Eemil Viro - PK : Kim Nousiainen, Lucas Johansen
Penalty Shots
Riley Nash, Matias Maccelli, Joel Kiviranta, Bobby McMann, Roby Jarventie
% Time on Ice - Orlando Solar Bears
Lines # - Real PCT - Wanted PCT - Time Play
Normal Forward
1 - 31% - 30% - 13:43
2 - 31% - 30% - 13:34
3 - 25% - 25% - 10:59
4 - 13% - 15% - 5:56
Normal Defense
1 - 30% - 30% - 13:18
2 - 32% - 30% - 14:02
3 - 29% - 25% - 12:41
4 - 9% - 15% - 4:11
PP Forward
1 - 47% - 50% - 3:46
2 - 53% - 50% - 4:10
PP Defense
1 - 53% - 50% - 4:10
2 - 47% - 50% - 3:46
PK Forward
1 - 44% - 50% - 3:27
2 - 56% - 50% - 4:25
PK Defense
1 - 50% - 50% - 3:58
2 - 50% - 50% - 3:54
PK3 Forward
1 - 0% - 50%
2 - 0% - 50%
PK3 Defense
1 - 0% - 50%
2 - 0% - 50%
44 Forward
1 - 0% - 50%
2 - 0% - 50%
44 Defense
1 - 0% - 50%
2 - 0% - 50%
Last Minute Offensive - 0:00
Last Minute Defensive - 0:00
Total
Forward - 60:00
Defense - 60:00
|
% Time on Ice - Kelowna Rockets
Lines # - Real PCT - Wanted PCT - Time Play
Normal Forward
1 - 30% - 30% - 13:11
2 - 31% - 30% - 13:31
3 - 27% - 25% - 12:09
4 - 12% - 15% - 5:21
Normal Defense
1 - 30% - 30% - 13:17
2 - 31% - 30% - 13:48
3 - 27% - 25% - 12:00
4 - 12% - 15% - 5:07
PP Forward
1 - 49% - 50% - 3:53
2 - 51% - 50% - 3:59
PP Defense
1 - 52% - 50% - 4:06
2 - 48% - 50% - 3:46
PK Forward
1 - 53% - 50% - 4:12
2 - 47% - 50% - 3:44
PK Defense
1 - 48% - 50% - 3:50
2 - 52% - 50% - 4:06
PK3 Forward
1 - 0% - 50%
2 - 0% - 50%
PK3 Defense
1 - 0% - 50%
2 - 0% - 50%
44 Forward
1 - 0% - 50%
2 - 0% - 50%
44 Defense
1 - 0% - 50%
2 - 0% - 50%
Last Minute Offensive - 0:00
Last Minute Defensive - 0:00
Total
Forward - 60:00
Defense - 60:00
|
Play-by-Play
1st period
0:01 of 1st period - Jason Dickinson wins face-off versus Riley Nash in neutral zone.
0:54 of 1st period - Snap shot by Connor Zary.
0:54 of 1st period - Shot Blocked by Thomas Bordeleau.
1:06 of 1st period - Minor Penalty to Justin Danforth for Slashing.
1:07 of 1st period - Tomas Tatar wins face-off versus Riley Nash in Orlando Solar Bears zone.
3:06 of 1st period - Penalty to Justin Danforth is over, Justin Danforth is back on ice.
3:11 of 1st period - Slapshot by Roby Jarventie.
3:11 of 1st period - Shot Misses the Net.
3:30 of 1st period - Off-side.
3:31 of 1st period - Elliot Desnoyers wins face-off versus Connor Zary in neutral zone.
3:42 of 1st period - Wrist shot by Jordan Martinook.
3:42 of 1st period - Shot Misses the Net.
3:54 of 1st period - Victor Soderstrom is hit by Anttoni Honka and loses puck.
4:05 of 1st period - Wrist shot by Tomas Tatar.
4:05 of 1st period - Deflect By Adam Ruzicka.
4:05 of 1st period - Stopped by Unknown Goalie with a rebound.
5:39 of 1st period - Snap shot by Jordan Martinook.
5:39 of 1st period - Shot Blocked by Riley Nash.
5:51 of 1st period - Lucas Johansen is hit by Tomas Tatar and loses puck.
6:06 of 1st period - Oskari Laaksonen is hit by Justin Danforth and loses puck.
6:34 of 1st period - Connor Zary is hit by Adam Ruzicka and loses puck.
6:53 of 1st period - Matias Maccelli is hit by Tomas Tatar.
7:33 of 1st period - Riley Nash is hit by Travis Dermott and loses puck.
7:51 of 1st period - Kim Nousiainen is hit by Justin Danforth and loses puck.
8:02 of 1st period - Bobby McMann is hit by Alex Turcotte and loses puck.
8:48 of 1st period - Riley Nash is hit by Justin Danforth and loses puck.
8:59 of 1st period - Matias Maccelli is hit by Jason Dickinson and loses puck.
9:27 of 1st period - Oskari Laaksonen is hit by Isaak Phillips and loses puck.
10:02 of 1st period - Oskari Laaksonen is hit by Adam Ruzicka and loses puck.
10:15 of 1st period - Snap shot by Philip Tomasino.
10:15 of 1st period - Shot Misses the Net.
11:14 of 1st period - Anttoni Honka is hit by Thomas Bordeleau and loses puck.
11:38 of 1st period - Snap shot by Joel Kiviranta.
11:38 of 1st period - Shot Blocked by Travis Dermott.
11:40 of 1st period - Slapshot by Maxence Guenette.
11:40 of 1st period - Shot Blocked by Alexander Kerfoot.
11:42 of 1st period - Snap shot by Joel Kiviranta.
11:42 of 1st period - Stopped by Braden Holtby with a rebound.
11:44 of 1st period - Slapshot by Maxence Guenette.
11:44 of 1st period - Stopped by Braden Holtby without a rebound.
11:45 of 1st period - Jack Drury wins face-off versus Jordan Martinook in Orlando Solar Bears zone.
11:46 of 1st period - Wrist shot by Jacob Perreault.
11:46 of 1st period - Shot Misses the Net.
11:58 of 1st period - Elliot Desnoyers is hit by Jacob Perreault and loses puck.
13:26 of 1st period - Slapshot by Adam Beckman.
13:26 of 1st period - Stopped by Unknown Goalie with a rebound.
13:37 of 1st period - Minor Penalty to Jacob Perreault for Hooking.
13:38 of 1st period - Riley Nash wins face-off versus Elliot Desnoyers in Kelowna Rockets zone.
13:49 of 1st period - Wrist shot by Jordan Martinook.
13:49 of 1st period - Shot Misses the Net.
13:51 of 1st period - Snap shot by Elliot Desnoyers.
13:51 of 1st period - Deflect By Philip Tomasino.
13:51 of 1st period - Shot Misses the Net.
13:51 of 1st period - Puck is out of play.
13:52 of 1st period - Jason Dickinson wins face-off versus Joel Kiviranta in Kelowna Rockets zone.
15:37 of 1st period - Penalty to Jacob Perreault is over, Jacob Perreault is back on ice.
15:47 of 1st period - Snap shot by Connor Zary.
15:47 of 1st period - Shot Misses the Net.
15:49 of 1st period - Slapshot by Kim Nousiainen.
15:49 of 1st period - Shot Misses the Net.
15:51 of 1st period - Snap shot by Connor Zary.
15:51 of 1st period - Shot Misses the Net.
15:53 of 1st period - Snap shot by Connor Zary.
15:53 of 1st period - Shot Blocked by Isaak Phillips.
15:55 of 1st period - Slapshot by Roby Jarventie.
15:55 of 1st period - Stopped by Braden Holtby with a rebound.
16:11 of 1st period - Tomas Tatar is hit by Bobby McMann and loses puck.
16:32 of 1st period - Backhand shot by Jason Dickinson.
16:32 of 1st period - Stopped by Unknown Goalie with a rebound.
16:44 of 1st period - Justin Danforth is hit by Roby Jarventie and loses puck.
17:23 of 1st period - Snap shot by Alex Turcotte.
17:23 of 1st period - Goal by Alex Turcotte - Orlando Solar Bears : 1 - Kelowna Rockets : 0.
17:24 of 1st period - Jacob Perreault wins face-off versus Jason Dickinson in neutral zone.
17:26 of 1st period - Maxence Guenette and TJ Brodie fight to a draw.
17:26 of 1st period - Penalty to Maxence Guenette for Fighting.
17:26 of 1st period - Penalty to TJ Brodie for Fighting.
17:27 of 1st period - Jason Dickinson wins face-off versus Riley Nash in Orlando Solar Bears zone.
17:40 of 1st period - Alexander Kerfoot is hit by Joel Kiviranta and loses puck.
17:53 of 1st period - Jarred Tinordi is hit by Connor Zary and loses puck.
18:06 of 1st period - Snap shot by Nicholas Caamano.
18:06 of 1st period - Stopped by Braden Holtby without a rebound.
18:07 of 1st period - Riley Nash wins face-off versus Thomas Bordeleau in Orlando Solar Bears zone.
18:08 of 1st period - Wrist shot by Matias Maccelli.
18:08 of 1st period - Goal by Matias Maccelli - Orlando Solar Bears : 1 - Kelowna Rockets : 1.
18:09 of 1st period - Jason Dickinson wins face-off versus Riley Nash in neutral zone.
18:14 of 1st period - Snap shot by Jason Dickinson.
18:14 of 1st period - Stopped by Unknown Goalie with a rebound.
18:24 of 1st period - Wrist shot by Tomas Tatar.
18:24 of 1st period - Goal by Tomas Tatar - Orlando Solar Bears : 2 - Kelowna Rockets : 1.
18:25 of 1st period - Elliot Desnoyers wins face-off versus Riley Nash in neutral zone.
18:32 of 1st period - Snap shot by Jordan Martinook.
18:32 of 1st period - Shot Misses the Net.
18:34 of 1st period - Slapshot by Victor Soderstrom.
18:34 of 1st period - Stopped by Unknown Goalie with a rebound.
18:36 of 1st period - Wrist shot by Jordan Martinook.
18:36 of 1st period - Shot Blocked by Matias Maccelli.
18:38 of 1st period - Slapshot by Philip Tomasino.
18:38 of 1st period - Shot Misses the Net.
18:40 of 1st period - Snap shot by Elliot Desnoyers.
18:40 of 1st period - Stopped by Unknown Goalie with a rebound.
18:52 of 1st period - Victor Soderstrom is hit by Jack Drury and loses puck.
18:57 of 1st period - Snap shot by Jack Drury.
18:57 of 1st period - Shot Misses the Net.
19:35 of 1st period - Philip Tomasino is hit by Riley Nash and loses puck.
19:50 of 1st period - Snap shot by Adam Beckman.
19:50 of 1st period - Stopped by Unknown Goalie with a rebound.
19:52 of 1st period - Slapshot by Victor Soderstrom.
19:52 of 1st period - Shot Misses the Net.
19:54 of 1st period - Slapshot by Tomas Tatar.
19:54 of 1st period - Goal by Tomas Tatar - Orlando Solar Bears : 3 - Kelowna Rockets : 1.
19:55 of 1st period - Riley Nash wins face-off versus Alexander Kerfoot in neutral zone.
Goals for this period are 3 for Orlando Solar Bears vs 1 for Kelowna Rockets.
Shots for this period are 10 for Orlando Solar Bears vs 5 for Kelowna Rockets.
2nd period
0:01 of 2nd period - Riley Nash wins face-off versus Elliot Desnoyers in neutral zone.
0:10 of 2nd period - Wrist shot by Matias Maccelli.
0:10 of 2nd period - Stopped by Braden Holtby without a rebound.
0:11 of 2nd period - Jason Dickinson wins face-off versus Joel Kiviranta in Orlando Solar Bears zone.
0:18 of 2nd period - Slapshot by Tomas Tatar.
0:18 of 2nd period - Stopped by Unknown Goalie with a rebound.
0:26 of 2nd period - Wrist shot by Jason Dickinson.
0:26 of 2nd period - Shot Hit the Post.
0:45 of 2nd period - Snap shot by Jack Drury.
0:45 of 2nd period - Goal by Jack Drury - Orlando Solar Bears : 3 - Kelowna Rockets : 2.
0:46 of 2nd period - Jason Dickinson wins face-off versus Riley Nash in neutral zone.
1:28 of 2nd period - Minor Penalty to Jordan Martinook for Roughing.
1:29 of 2nd period - Jack Drury wins face-off versus Jason Dickinson in Orlando Solar Bears zone.
1:30 of 2nd period - Snap shot by Bobby McMann.
1:30 of 2nd period - Shot Misses the Net.
1:32 of 2nd period - Slapshot by Jacob Perreault.
1:32 of 2nd period - Goal by Jacob Perreault - Orlando Solar Bears : 3 - Kelowna Rockets : 3.
1:33 of 2nd period - Jason Dickinson wins face-off versus Riley Nash in neutral zone.
2:26 of 2nd period - Snap shot by Jordan Martinook.
2:26 of 2nd period - Shot Misses the Net.
2:42 of 2nd period - Snap shot by Tomas Tatar.
2:42 of 2nd period - Shot Misses the Net.
2:44 of 2nd period - Slapshot by Jarred Tinordi.
2:44 of 2nd period - Deflect By Adam Beckman.
2:44 of 2nd period - Shot Misses the Net.
2:44 of 2nd period - Puck is out of play.
2:45 of 2nd period - Elliot Desnoyers wins face-off versus Jack Drury in Kelowna Rockets zone.
3:33 of 2nd period - Snap shot by Justin Danforth.
3:33 of 2nd period - Stopped by Unknown Goalie with a rebound.
3:54 of 2nd period - Isaak Phillips is hit by Maxence Guenette and loses puck.
4:02 of 2nd period - Icing by Jordan Martinook.
4:03 of 2nd period - Elliot Desnoyers wins face-off versus Mavrik Bourque in Orlando Solar Bears zone.
4:12 of 2nd period - Jason Dickinson is hit by Riley Nash and loses puck.
4:17 of 2nd period - Wrist shot by Matias Maccelli.
4:17 of 2nd period - Shot Misses the Net.
4:29 of 2nd period - Thomas Bordeleau is hit by Jack Drury and loses puck.
4:38 of 2nd period - Snap shot by Jack Drury.
4:38 of 2nd period - Shot Blocked by Travis Dermott.
4:55 of 2nd period - Wrist shot by Jacob Perreault.
4:55 of 2nd period - Stopped by Braden Holtby without a rebound.
4:56 of 2nd period - Riley Nash wins face-off versus Jason Dickinson in Orlando Solar Bears zone.
4:59 of 2nd period - Wrist shot by Joel Kiviranta.
4:59 of 2nd period - Stopped by Braden Holtby with a rebound.
5:07 of 2nd period - Wrist shot by Jason Dickinson.
5:07 of 2nd period - Shot Misses the Net.
5:09 of 2nd period - Snap shot by Jason Dickinson.
5:09 of 2nd period - Shot Misses the Net.
5:11 of 2nd period - Wrist shot by Jarred Tinordi.
5:11 of 2nd period - Shot Misses the Net.
5:42 of 2nd period - Victor Soderstrom is hit by Connor Zary and loses puck.
5:47 of 2nd period - Wrist shot by Nicholas Caamano.
5:47 of 2nd period - Shot Misses the Net.
5:49 of 2nd period - Backhand shot by Connor Zary.
5:49 of 2nd period - Shot Misses the Net.
5:51 of 2nd period - Slapshot by Oskari Laaksonen.
5:51 of 2nd period - Shot Blocked by Lukas Cormier.
6:03 of 2nd period - Backhand shot by Jack Drury.
6:03 of 2nd period - Deflect By Bobby McMann.
6:03 of 2nd period - Stopped by Braden Holtby with a rebound.
6:05 of 2nd period - Slapshot by Jacob Perreault.
6:05 of 2nd period - Stopped by Braden Holtby with a rebound.
6:07 of 2nd period - Wrist shot by Jacob Perreault.
6:07 of 2nd period - Stopped by Braden Holtby with a rebound.
6:09 of 2nd period - Wrist shot by Jacob Perreault.
6:09 of 2nd period - Goal by Jacob Perreault - Orlando Solar Bears : 3 - Kelowna Rockets : 4.
6:10 of 2nd period - Riley Nash wins face-off versus Tomas Tatar in neutral zone.
6:13 of 2nd period - Wrist shot by Joel Kiviranta.
6:13 of 2nd period - Stopped by Braden Holtby without a rebound.
6:14 of 2nd period - Riley Nash wins face-off versus Jason Dickinson in Orlando Solar Bears zone.
6:49 of 2nd period - Slapshot by Jack Drury.
6:49 of 2nd period - Stopped by Braden Holtby without a rebound.
6:50 of 2nd period - Riley Nash wins face-off versus Jason Dickinson in Orlando Solar Bears zone.
6:51 of 2nd period - Wrist shot by Matias Maccelli.
6:51 of 2nd period - Stopped by Braden Holtby without a rebound.
6:52 of 2nd period - Riley Nash wins face-off versus Jason Dickinson in Orlando Solar Bears zone.
7:17 of 2nd period - Lucas Johansen is hit by Victor Soderstrom.
7:36 of 2nd period - Wrist shot by Jack Drury.
7:36 of 2nd period - Shot Hit the Post.
7:38 of 2nd period - Snap shot by Roby Jarventie.
7:38 of 2nd period - Stopped by Braden Holtby without a rebound.
7:39 of 2nd period - Connor Zary wins face-off versus Thomas Bordeleau in Orlando Solar Bears zone.
7:43 of 2nd period - Minor Penalty to Jarred Tinordi for Hooking.
7:44 of 2nd period - Jason Dickinson wins face-off versus Riley Nash in Orlando Solar Bears zone.
7:52 of 2nd period - Joel Kiviranta is hit by Alexander Kerfoot and loses puck.
8:33 of 2nd period - Joel Kiviranta is hit by Isaak Phillips and loses puck.
9:43 of 2nd period - Penalty to Jarred Tinordi is over, Jarred Tinordi is back on ice.
9:52 of 2nd period - Slapshot by Maxence Guenette.
9:52 of 2nd period - Shot Blocked by Jarred Tinordi.
9:54 of 2nd period - Slapshot by Maxence Guenette.
9:54 of 2nd period - Shot Blocked by Jarred Tinordi.
9:56 of 2nd period - Wrist shot by Anttoni Honka.
9:56 of 2nd period - Shot Blocked by Jarred Tinordi.
10:29 of 2nd period - Snap shot by Adam Beckman.
10:29 of 2nd period - Deflect By Jarred Tinordi.
10:29 of 2nd period - Goal by Jarred Tinordi - Orlando Solar Bears : 4 - Kelowna Rockets : 4.
10:30 of 2nd period - Jason Dickinson wins face-off versus Jack Drury in neutral zone.
10:39 of 2nd period - Snap shot by Jason Dickinson.
10:39 of 2nd period - Stopped by Unknown Goalie with a rebound.
10:41 of 2nd period - Slapshot by Lukas Cormier.
10:41 of 2nd period - Stopped by Unknown Goalie with a rebound.
10:43 of 2nd period - Wrist shot by Jason Dickinson.
10:43 of 2nd period - Shot Misses the Net.
10:57 of 2nd period - Oskari Laaksonen is hit by Thomas Bordeleau and loses puck.
11:04 of 2nd period - Snap shot by Thomas Bordeleau.
11:04 of 2nd period - Stopped by Unknown Goalie with a rebound.
11:06 of 2nd period - Snap shot by Thomas Bordeleau.
11:06 of 2nd period - Deflect By Adam Ruzicka.
11:06 of 2nd period - Stopped by Unknown Goalie with a rebound.
11:44 of 2nd period - Wrist shot by Roby Jarventie.
11:44 of 2nd period - Shot Blocked by Travis Dermott.
11:50 of 2nd period - Lucas Johansen is hit by Tomas Tatar and loses puck.
12:01 of 2nd period - Wrist shot by Thomas Bordeleau.
12:01 of 2nd period - Stopped by Unknown Goalie with a rebound.
12:03 of 2nd period - Slapshot by Jarred Tinordi.
12:03 of 2nd period - Deflect By Connor Zary.
12:03 of 2nd period - Stopped by Unknown Goalie with a rebound.
12:05 of 2nd period - Snap shot by Jarred Tinordi.
12:05 of 2nd period - Shot Blocked by Nicholas Caamano.
12:07 of 2nd period - Snap shot by Adam Ruzicka.
12:07 of 2nd period - Orlando Solar Bears goal is going for a video replay.
12:07 of 2nd period - The goal is refused. The goalkeeper has been pushed into the net together with the puck after making a save..
12:08 of 2nd period - Riley Nash wins face-off versus Thomas Bordeleau in Kelowna Rockets zone.
12:08 of 2nd period - Riley Nash is hit by Thomas Bordeleau.
12:31 of 2nd period - Snap shot by Adam Ruzicka.
12:31 of 2nd period - Shot Misses the Net.
12:55 of 2nd period - Kim Nousiainen is hit by Tomas Tatar and loses puck.
13:00 of 2nd period - Wrist shot by Tomas Tatar.
13:00 of 2nd period - Shot Misses the Net.
13:12 of 2nd period - Snap shot by Connor Zary.
13:12 of 2nd period - Stopped by Braden Holtby with a rebound.
13:20 of 2nd period - Eemil Viro is hit by Jordan Martinook and loses puck.
14:19 of 2nd period - Jordan Martinook is hit by Jacob Perreault and loses puck.
14:34 of 2nd period - Minor Penalty to Jordan Martinook for Hooking.
14:35 of 2nd period - Tomas Tatar wins face-off versus Jack Drury in Orlando Solar Bears zone.
14:35 of 2nd period - Tomas Tatar is hit by Oskari Laaksonen.
16:34 of 2nd period - Penalty to Jordan Martinook is over, Jordan Martinook is back on ice.
16:47 of 2nd period - Philip Tomasino is hit by Eemil Viro and loses puck.
17:02 of 2nd period - Kim Nousiainen is hit by Lukas Cormier and loses puck.
18:35 of 2nd period - Maxence Guenette is hit by Thomas Bordeleau.
19:18 of 2nd period - Lucas Johansen is hit by Thomas Bordeleau and loses puck.
19:29 of 2nd period - Lucas Johansen is hit by Travis Dermott and loses puck.
19:34 of 2nd period - Wrist shot by Alex Turcotte.
19:34 of 2nd period - Stopped by Unknown Goalie with a rebound.
19:36 of 2nd period - Snap shot by Alex Turcotte.
19:36 of 2nd period - Shot Blocked by Oskari Laaksonen.
19:38 of 2nd period - Slapshot by TJ Brodie.
19:38 of 2nd period - Shot Blocked by Lucas Johansen.
19:48 of 2nd period - Riley Nash is hit by Jason Dickinson and loses puck.
Goals for this period are 1 for Orlando Solar Bears vs 3 for Kelowna Rockets.
Shots for this period are 11 for Orlando Solar Bears vs 14 for Kelowna Rockets.
3rd period
0:01 of 3rd period - Joel Kiviranta wins face-off versus Jason Dickinson in neutral zone.
0:06 of 3rd period - Snap shot by Riley Nash.
0:06 of 3rd period - Deflect By Alexander Kerfoot.
0:06 of 3rd period - Shot Misses the Net.
0:06 of 3rd period - Puck is out of play.
0:07 of 3rd period - Jason Dickinson wins face-off versus Joel Kiviranta in Orlando Solar Bears zone.
0:07 of 3rd period - Jason Dickinson is hit by Joel Kiviranta.
1:24 of 3rd period - Wrist shot by Tomas Tatar.
1:24 of 3rd period - Stopped by Unknown Goalie with a rebound.
1:26 of 3rd period - Backhand shot by TJ Brodie.
1:26 of 3rd period - Stopped by Unknown Goalie with a rebound.
2:34 of 3rd period - Victor Soderstrom is hit by Jack Drury.
2:50 of 3rd period - Wrist shot by Jason Dickinson.
2:50 of 3rd period - Shot Misses the Net.
2:52 of 3rd period - Snap shot by Victor Soderstrom.
2:52 of 3rd period - Shot Misses the Net.
3:00 of 3rd period - Minor Penalty to Jordan Martinook for Slashing.
3:01 of 3rd period - Jason Dickinson wins face-off versus Jack Drury in Orlando Solar Bears zone.
3:12 of 3rd period - Wrist shot by Bobby McMann.
3:12 of 3rd period - Shot Misses the Net.
3:14 of 3rd period - Snap shot by Bobby McMann.
3:14 of 3rd period - Shot Misses the Net.
3:16 of 3rd period - Slapshot by Anttoni Honka.
3:16 of 3rd period - Stopped by Braden Holtby without a rebound.
3:17 of 3rd period - Riley Nash wins face-off versus Tomas Tatar in Orlando Solar Bears zone.
3:20 of 3rd period - Wrist shot by Matias Maccelli.
3:20 of 3rd period - Shot Misses the Net.
3:22 of 3rd period - Snap shot by Riley Nash.
3:22 of 3rd period - Deflect By Matias Maccelli.
3:22 of 3rd period - Shot Misses the Net.
3:22 of 3rd period - Puck is out of play.
3:23 of 3rd period - Tomas Tatar wins face-off versus Riley Nash in Orlando Solar Bears zone.
3:52 of 3rd period - Wrist shot by Bobby McMann.
3:52 of 3rd period - Stopped by Braden Holtby with a rebound.
3:54 of 3rd period - Wrist shot by Jack Drury.
3:54 of 3rd period - Shot Blocked by Travis Dermott.
3:56 of 3rd period - Slapshot by Oskari Laaksonen.
3:56 of 3rd period - Stopped by Braden Holtby with a rebound.
4:41 of 3rd period - Icing by Bobby McMann.
4:42 of 3rd period - Jason Dickinson wins face-off versus Jack Drury in Kelowna Rockets zone.
4:51 of 3rd period - Wrist shot by Jacob Perreault.
4:51 of 3rd period - Goal by Jacob Perreault - Orlando Solar Bears : 4 - Kelowna Rockets : 5.
4:52 of 3rd period - Riley Nash wins face-off versus Jason Dickinson in neutral zone.
5:05 of 3rd period - Slapshot by Jason Dickinson.
5:05 of 3rd period - Goal by Jason Dickinson - Orlando Solar Bears : 5 - Kelowna Rockets : 5.
5:06 of 3rd period - Jason Dickinson wins face-off versus Riley Nash in neutral zone.
5:33 of 3rd period - Jack Drury is hit by Thomas Bordeleau.
6:02 of 3rd period - Snap shot by Nicholas Caamano.
6:02 of 3rd period - Shot Misses the Net.
6:35 of 3rd period - Slapshot by Jack Drury.
6:35 of 3rd period - Shot Blocked by Justin Danforth.
7:02 of 3rd period - Minor Penalty to Joel Kiviranta for Slashing.
7:03 of 3rd period - Elliot Desnoyers wins face-off versus Roby Jarventie in Kelowna Rockets zone.
7:14 of 3rd period - Snap shot by Jordan Martinook.
7:14 of 3rd period - Shot Misses the Net.
7:16 of 3rd period - Snap shot by Elliot Desnoyers.
7:16 of 3rd period - Shot Misses the Net.
7:18 of 3rd period - Slapshot by TJ Brodie.
7:18 of 3rd period - Stopped by Unknown Goalie with a rebound.
7:40 of 3rd period - Lucas Johansen is hit by Alexander Kerfoot and loses puck.
9:02 of 3rd period - Penalty to Joel Kiviranta is over, Joel Kiviranta is back on ice.
9:11 of 3rd period - Minor Penalty to Nicholas Caamano for Hooking.
9:12 of 3rd period - Elliot Desnoyers wins face-off versus Matias Maccelli in Kelowna Rockets zone.
9:16 of 3rd period - Wrist shot by Philip Tomasino.
9:16 of 3rd period - Shot Blocked by Maxence Guenette.
9:26 of 3rd period - Snap shot by Jordan Martinook.
9:26 of 3rd period - Shot Blocked by Anttoni Honka.
9:28 of 3rd period - Slapshot by Travis Dermott.
9:28 of 3rd period - Stopped by Unknown Goalie with a rebound.
11:11 of 3rd period - Penalty to Nicholas Caamano is over, Nicholas Caamano is back on ice.
11:35 of 3rd period - Backhand shot by Maxence Guenette.
11:35 of 3rd period - Stopped by Braden Holtby without a rebound.
11:36 of 3rd period - Alex Turcotte wins face-off versus Jack Drury in Orlando Solar Bears zone.
11:41 of 3rd period - Wrist shot by Jarred Tinordi.
11:41 of 3rd period - Shot Misses the Net.
12:05 of 3rd period - Snap shot by Adam Ruzicka.
12:05 of 3rd period - Shot Misses the Net.
12:07 of 3rd period - Slapshot by Victor Soderstrom.
12:07 of 3rd period - Stopped by Unknown Goalie without a rebound.
12:08 of 3rd period - Jack Drury wins face-off versus Jason Dickinson in Kelowna Rockets zone.
12:17 of 3rd period - Snap shot by Tomas Tatar.
12:17 of 3rd period - Stopped by Unknown Goalie with a rebound.
12:19 of 3rd period - Slapshot by Isaak Phillips.
12:19 of 3rd period - Shot Blocked by Bobby McMann.
12:21 of 3rd period - Snap shot by Alexander Kerfoot.
12:21 of 3rd period - Stopped by Unknown Goalie with a rebound.
12:23 of 3rd period - Slapshot by Alexander Kerfoot.
12:23 of 3rd period - Goal by Alexander Kerfoot - Orlando Solar Bears : 6 - Kelowna Rockets : 5.
12:24 of 3rd period - Jason Dickinson wins face-off versus Riley Nash in neutral zone.
12:49 of 3rd period - Jacob Perreault is hit by Jordan Martinook and loses puck.
13:05 of 3rd period - Nicholas Caamano and Isaak Phillips fight to a draw.
13:05 of 3rd period - Penalty to Nicholas Caamano for Fighting.
13:05 of 3rd period - Penalty to Isaak Phillips for Fighting.
13:06 of 3rd period - Jason Dickinson wins face-off versus Riley Nash in neutral zone.
13:13 of 3rd period - Slapshot by TJ Brodie.
13:13 of 3rd period - Shot Misses the Net.
13:15 of 3rd period - Snap shot by Jason Dickinson.
13:15 of 3rd period - Shot Misses the Net.
13:17 of 3rd period - Slapshot by Jason Dickinson.
13:17 of 3rd period - Stopped by Unknown Goalie with a rebound.
13:19 of 3rd period - Snap shot by Alexander Kerfoot.
13:19 of 3rd period - Goal by Alexander Kerfoot - Orlando Solar Bears : 7 - Kelowna Rockets : 5.
13:20 of 3rd period - Riley Nash wins face-off versus Jason Dickinson in neutral zone.
14:17 of 3rd period - Slapshot by Alex Turcotte.
14:17 of 3rd period - Stopped by Unknown Goalie with a rebound.
14:55 of 3rd period - Kim Nousiainen is hit by Jordan Martinook and loses puck.
15:23 of 3rd period - Alexander Kerfoot is hit by Matias Maccelli and loses puck.
16:35 of 3rd period - Minor Penalty to Riley Nash for Hooking.
16:36 of 3rd period - Jason Dickinson wins face-off versus Roby Jarventie in Kelowna Rockets zone.
16:57 of 3rd period - Snap shot by Joel Kiviranta.
16:57 of 3rd period - Shot Misses the Net.
18:01 of 3rd period - Lucas Johansen is hit by Philip Tomasino and loses puck.
18:05 of 3rd period - Penalty to Nicholas Caamano is over, Nicholas Caamano is back on ice.
18:35 of 3rd period - Penalty to Riley Nash is over, Riley Nash is back on ice.
18:47 of 3rd period - Snap shot by Justin Sourdif.
18:47 of 3rd period - Shot Misses the Net.
19:19 of 3rd period - Wrist shot by Riley Nash.
19:19 of 3rd period - Shot Misses the Net.
Goals for this period are 3 for Orlando Solar Bears vs 1 for Kelowna Rockets.
Shots for this period are 12 for Orlando Solar Bears vs 5 for Kelowna Rockets.
Back to the Top